 Dungeon Crawl Stone Soup version 0.31.0-32-g396128a36d (webtiles) character file.

Game seed: 7262203034698319424

13412 DarkStar the Grappler (level 11, -1/109 HPs)
             Began as a Troll Fighter on Mar 21, 2024.
             Was an Elder of Wu Jian.
             Slain by a phantasmal warrior (20 damage)
             ... led by a death knight
             ... on level 11 of the Dungeon.
             The game lasted 00:38:40 (10254 turns).

DarkStar the Grappler (Troll Fighter)              Turns: 10254, Time: 00:38:41

Health: -1/109     AC:  9    Str: 28    XL:     11   Next: 75%
Magic:  0/10       EV: 12    Int:  4    God:    Wu Jian [****..]
Gold:   1524       SH: 12    Dex: 14    Spells: 10/10 levels left

rFire   + .          .
                       - Unarmed
rCold   . . .        b - +1 kite shield
rNeg    + . .        x - +1 robe {rN+}
rPois   +            d - +3 hat of Sorcery {rPois Dex+3 Slay-2}
rElec   .            a - +0 cloak
rCorr   .            (gloves unavailable)
SInv    .            (boots unavailable)
Will    .....        o - amulet of guardian spirit
Stlth   +            p - ring of protection from fire
HPRegen 1.18/turn    F - +4 ring of slaying
MPRegen 0.12/turn

%: guardian spirit
@: mighty, about to teleport, slowed, serpent's lash, very slow
A: large, unfitting armour, claws 3, regeneration 1, shaggy fur 1, tough skin 1
a: Renounce Religion, Wall Jump, Serpent's Lash


You were on level 11 of the Dungeon.
You worshipped Wu Jian.
Wu Jian was greatly pleased with you.
You visited 2 branches of the dungeon, and saw 12 of its levels.
You also visited: Bailey.

You collected 1524 gold pieces.

Inventory:

Missiles
 e - 3 throwing nets
 h - 16 boomerangs (quivered)
 n - 5 javelins
Armour
 a - a +0 cloak (worn)
 b - a +1 kite shield (worn)
 d - the +3 hat of Sorcery (worn) {rPois Dex+3 Slay-2}
   (You acquired it on level 2 of the Dungeon)

   Dex+3:     It affects your dexterity (+3).
   Slay-2:    It affects your accuracy & damage with ranged weapons and melee
   (-2).
   rPois:     It protects you from poison
 s - +0 steam dragon scales
 x - a +1 robe of positive energy (worn)
Jewellery
 m - an amulet of the acrobat
 o - an amulet of guardian spirit (around neck)
 p - a ring of protection from fire (left claw)
 t - a ring of wizardry
 w - a ring of ice
 y - a ring of resist corrosion
 A - a ring of wizardry
 F - a +4 ring of slaying (right claw)
Wands
 r - a wand of flame (20)
 z - a wand of mindburst (7)
 G - a wand of iceblast (6)
Scrolls
 g - 6 scrolls of teleportation
 q - 2 scrolls of enchant armour
 D - a scroll of enchant weapon
 H - a scroll of amnesia {unknown}
Potions
 c - a potion of might
 f - a potion of magic
 i - 3 potions of lignification
 j - 3 potions of heal wounds
 k - 5 potions of curing
 l - a potion of mutation
 u - a potion of berserk rage
 v - a potion of invisibility {unknown}
 B - 5 potions of enlightenment
 C - a potion of ambrosia {unknown}
 E - a potion of cancellation {unknown}


   Skills:
 + Level 7.5 Fighting
 + Level 7.5 Dodging
 + Level 8.3 Shields
 * Level 12.5 Unarmed Combat


You had 10 spell levels left.
You didn't know any spells.
Your spell library contained the following spells:

 Spells                   Type           Power      Damage    Failure   Level
 Apportation              Tloc           0%         N/A       67%         1
 Foxfire                  Conj/Fire      0%         2x1d4     67%         1
 Necrotise                Necr           0%         1d4       67%         1
 Sting                    Conj/Alch      0%         1d3       67%         1
 Summon Small Mammal      Summ           0%         N/A       67%         1
 Ensorcelled Hibernation  Hex/Ice        0%         N/A       82%         2
 Jinxbite                 Hex            0%         N/A       82%         2
 Passwall                 Erth           0%         N/A       96%         3
 Stone Arrow              Conj/Erth      0%         3d7       96%         3
 Swiftness                Air            0%         N/A       96%         3
 Animate Armour           Summ/Erth      0%         N/A       100%        4
 Alistair's Intoxication  Alch           0%         N/A       100%        5
 Plasma Beam              Fire/Air       0%         2x1d10    100%        6
 Starburst                Conj/Fire      0%         6d3       100%        6
 Lehudib's Crystal Spear  Conj/Erth      0%         10d2      100%        8


Dungeon Overview and Level Annotations

Branches:
Dungeon (11/15)            Temple (1/1) D:6            Lair (0/5) D:11
 Bailey (visited)
    Orc: D:9-12

Altars:
Ashenzari
Cheibriados
Dithmenos
Elyvilon
Fedhas
Gozag
Hepliaklqana
Kikubaaqudgha
Makhleb
Nemelex Xobeh
Okawaru
Qazlal
Ru
Sif Muna
Trog
Uskayaw
Vehumet
Wu Jian
Xom
Yredelemnul
Zin
The Shining One


Innate Abilities, Weirdness & Mutations

You are too large for most types of armour.
You have claws for hands.
Your natural rate of healing is unusually fast.
You are covered in fur. (AC +1)
You have tough skin. (AC +1)


Message History

You mangle the death knight!!
The death knight is heavily wounded.
The death knight hits you with a +3 battleaxe!!
You claw the death knight!
The death knight is severely wounded.
You block the death knight's attack.
You claw the death knight!
The death knight is severely wounded.
The phantasmal warrior gestures at you.
The phantasmal warrior blinks!
You block the death knight's attack.
You claw the death knight!
The death knight is almost dead.
You mangle the death knight!!
You kill the death knight!
The Council accepts your kill.
You scratch the freezing wraith.
The freezing wraith is lightly damaged.
You block the freezing wraith's attack. The freezing wraith barely misses you.
You mangle the freezing wraith!!
The freezing wraith is severely damaged.
The freezing wraith hits you. The freezing wraith freezes you!
The freezing wraith hits you. The freezing wraith drains your vigour!
You feel yourself slow down.
You scratch the freezing wraith but do no damage.
The freezing wraith is severely damaged.
The freezing wraith barely misses you. You block the freezing wraith's attack.
You block the phantasmal warrior's attack.
The freezing wraith hits you! The freezing wraith freezes you!
The freezing wraith hits you but does no damage.
You eviscerate the phantasmal warrior!!!
The phantasmal warrior is almost destroyed.
You block the freezing wraith's attack. x2; The phantasmal warrior hits you!
* * * LOW HITPOINT WARNING * * *
As you read the scroll of teleportation, it crumbles to dust.
You feel strangely unstable. The freezing wraith hits you.
* * * LOW HITPOINT WARNING * * *
The freezing wraith freezes you!
* * * LOW HITPOINT WARNING * * *
You block the freezing wraith's attack. The phantasmal warrior hits you!!
You die...

##...###..#
##...##.##
##..>..#
##...##
###.# #.#
#.# #W# #@#
#W#
#W..p.WW.
..###W...
#.## ## .#
##


You could see a phantasmal warrior and 2 freezing wraiths.

Vanquished Creatures
  Josephine (D:11)
  Harold (D:9)
  Erica (D:10)
  A death knight (D:11)
  A two-headed ogre (D:11)
  A skeletal warrior (D:11)
  A deep elf pyromancer (D:10)
  An elephant (D:11)
  Maurice (D:11)
  2 kobold demonologists
  A komodo dragon (D:9)
  An unseen horror (D:10)
  A hornet (D:10)
  11 yaks
  A basilisk (D:11)
  A wyvern (D:11)
  4 wraiths
  3 steam dragons
  2 acid dragons
  2 sky beasts
  11 orc warriors
  The ghost of Dungobob the Trooper, an amateur MiFi (D:3)
  An ice beast (D:5)
  2 ogres
  A black bear (D:11)
  A hornet zombie (D:5)
  A centaur (D:10)
  3 phantoms
  A kobold brigand (D:8)
  A gnoll sergeant (D:9)
  3 bullfrogs
  A necrophage (D:5)
  3 scorpions
  2 water moccasin zombies (D:5)
  A water moccasin skeleton (D:5)
  4 killer bees (D:8)
  A howler monkey (D:9)
  A bullfrog zombie (D:5)
  2 gnoll boudas (D:8)
  A bombardier beetle (D:5)
  2 jellies
  A bullfrog skeleton (D:5)
  9 orc priests
  3 hounds
  6 iguanas
  2 sleepcaps (D:4)
  A scorpion zombie (D:5)
  11 orc wizards
  A killer bee zombie (D:5)
  A hound zombie (D:5)
  A hound skeleton (D:5)
  9 adders
  16 gnolls
  2 white imps
  2 dart slugs
  5 ribbon worms
  41 orcs
  4 ball pythons
  18 endoplasms
  4 giant cockroaches
  10 goblins
  12 hobgoblins
  8 jackals
  2 quokkas (D:1)
  5 bats
  8 frilled lizards
  31 kobolds
  6 rats
301 creatures vanquished.

Vanquished Creatures (others)
  An orc (D:4)
1 creature vanquished.

Grand Total: 302 creatures vanquished

Notes
Turn   | Place    | Note
-------+----------+-------------------------------------------
     0 | D:1      | DarkStar the Troll Fighter began the quest for the Orb.
     0 | D:1      | Reached XP level 1. HP: 22/22 MP: 0/0
   204 | D:1      | Reached XP level 2. HP: 29/29 MP: 1/1
   525 | D:1      | Reached XP level 3. HP: 36/36 MP: 2/2
   901 | D:2      | Reached skill level 3 in Unarmed Combat
  1057 | D:2      | Reached XP level 4. HP: 39/44 MP: 3/3
  1395 | D:2      | Identified a scroll of acquirement
  1395 | D:2      | Acquired the +3 hat of Sorcery {rPois Dex+3 Slay-2}
  1538 | D:3      | Reached skill level 4 in Unarmed Combat
  1543 | D:3      | Reached XP level 5. HP: 48/50 MP: 4/4
  1631 | D:3      | Found a large runed translucent door.
  1631 | D:3      | Found a large runed translucent door.
  1636 | D:3      | Noticed Dungobob's ghost (amateur MiFi)
  1809 | D:3      | Found a faded altar of an unknown god.
  1930 | D:3      | Found a basalt altar of Yredelemnul.
  1930 | D:3      | Found a burning altar of Makhleb.
  1930 | D:3      | Found an ancient bone altar of Kikubaaqudgha.
  1930 | D:3      | Found a bloodstained altar of Trog.
  1930 | D:3      | Found a hide-covered altar of Uskayaw.
  1930 | D:3      | Found a sparkling altar of Nemelex Xobeh.
  2151 | D:3      | Found a broken altar of Ashenzari.
  2160 | D:3      | Found a shadowy altar of Dithmenos.
  2161 | D:3      | Found an opulent altar of Gozag.
  2246 | D:3      | Found an ornate altar of the Wu Jian Council.
  2257 | D:3      | Became a worshipper of the Wu Jian Council
  2337 | D:3      | Reached XP level 6. HP: 61/61 MP: 5/5
  2339 | D:3      | Identified the +6 hand axe of Eminent Domain {drain, rC+
                  | Will+ rCorr}
  2399 | D:3      | Found a basalt altar of Yredelemnul.
  2631 | D:3      | Killed Dungobob's ghost
  2632 | D:3      | Reached skill level 5 in Unarmed Combat
  2709 | D:4      | Found a snail-covered altar of Cheibriados.
  2935 | D:4      | Reached XP level 7. HP: 37/54 MP: 6/6
  2982 | D:4      | Found a stormy altar of Qazlal.
  2982 | D:4      | Found an ancient bone altar of Kikubaaqudgha.
  3650 | D:5      | Entered Level 5 of the Dungeon
  3699 | D:5      | Reached * piety under Wu Jian
  3700 | D:5      | Reached skill level 6 in Unarmed Combat
  3742 | D:5      | Noticed a steam dragon
  3755 | D:5      | Killed a steam dragon
  3822 | D:5      | Reached XP level 8. HP: 78/78 MP: 7/7
  3942 | D:5      | Reached skill level 7 in Unarmed Combat
  4016 | D:5      | Reached skill level 5 in Shields
  4262 | D:5      | Found a burning altar of Makhleb.
  4421 | D:5      | Found a white marble altar of Elyvilon.
  4429 | D:5      | Found a glowing silver altar of Zin.
  4513 | D:5      | Found a glowing golden altar of the Shining One.
  4691 | D:6      | Found a staircase to the Ecumenical Temple.
  4700 | Temple   | Entered the Ecumenical Temple
  4786 | D:6      | Reached skill level 8 in Unarmed Combat
  4786 | D:6      | Reached XP level 9. HP: 69/85 MP: 8/8
  4798 | D:6      | Reached ** piety under Wu Jian
  5445 | D:7      | Reached skill level 5 in Dodging
  5692 | D:7      | Found a flagged portal.
  5701 | Bailey   | Entered a bailey
  5780 | Bailey   | Reached skill level 5 in Fighting
  6584 | D:8      | Reached skill level 9 in Unarmed Combat
  6700 | D:8      | Found a sparkling altar of Nemelex Xobeh.
  7004 | D:8      | Noticed a kobold demonologist
  7011 | D:8      | Noticed a rust devil
  7012 | D:8      | Killed a kobold demonologist
  7013 | D:8      | Reached XP level 10. HP: 98/98 MP: 9/9
  7375 | D:9      | Reached *** piety under Wu Jian
  7682 | D:9      | Reached skill level 10 in Unarmed Combat
  7719 | D:9      | Noticed Harold
  7735 | D:9      | Killed Harold
  8193 | D:9      | Found a shimmering blue altar of Sif Muna.
  8483 | D:10     | Entered Level 10 of the Dungeon
  8719 | D:10     | Noticed Erica
  8725 | D:10     | Killed Erica
  8726 | D:10     | Reached skill level 11 in Unarmed Combat
  8805 | D:10     | Found a sacrificial altar of Ru.
  8870 | D:10     | Reached XP level 11. HP: 88/107 MP: 7/10
  9076 | D:10     | Noticed a deep elf pyromancer
  9081 | D:10     | Reached **** piety under Wu Jian
  9088 | D:10     | Killed a deep elf pyromancer
  9094 | D:10     | Found a hazy altar of Hepliaklqana.
  9304 | D:11     | Noticed Maurice
  9543 | D:11     | Something stole 4 throwing nets
  9555 | D:11     | Something stole 5 javelins
  9557 | D:11     | Something stole 470 gold
  9560 | D:11     | Killed Maurice
  9572 | D:11     | Found a staircase to the Lair.
  9730 | D:11     | Noticed a two-headed ogre
  9736 | D:11     | Killed a two-headed ogre
  9758 | D:11     | Noticed Josephine
  9779 | D:11     | Reached skill level 12 in Unarmed Combat
  9823 | D:11     | Killed Josephine
 10236 | D:11     | Noticed a death knight
 10236 | D:11     | Noticed a skeletal warrior
 10236 | D:11     | Noticed a phantasmal warrior
 10240 | D:11     | Killed a skeletal warrior
 10249 | D:11     | Killed a death knight
 10254 | D:11     | Slain by a phantasmal warrior

Illustrated notes

Levels and vault maps discovered:
D:1:      heliophobic_arrival_battle_scene, layout_rooms, st_stairs_13,
          nrook_campfire, nrook_mini_backslash
D:2:      layout_rooms
D:3:      cheibrodos_fertilizer, layout_basic,
          mainiacjoe_overflow_small_starburst, mainiacjoe_overflow_alcove_4,
          gammafunk_temple_overflow_forgotten, chequers_ecumenical_altar_island,
          ebering_ghost_disaster_area
D:4:      layout_cave_pods, jmf_multi_god_temple, slow_altar_1, minivault_24
D:5:      layout_basic, dreamdust_divine_triumvirate,
          makhleb_blood_cavern_becter, serial_undead, serial_undead_e,
          serial_undead_a, serial_undead_f, serial_undead_b, serial_undead_a,
          serial_undead_a, serial_undead_a, serial_undead_f
D:6:      layout_loops_cross, minmay_temple_entry_waves
D:7:      layout_basic, enter_bailey_3
D:8:      layout_rooms, nemelex_spade_bored_becter, minmay_misc_feat_tower,
          nicolae_grassy_gnolls
D:9:      layout_stronghold, lemuel_blue_sif_altar, uniq_harold
D:10:     layout_roguey, nicolae_ru_great_annihilating_truth,
          mainiacjoe_overflow_tiny_flanked, uniq_erica
D:11:     layout_cave_pods, david_lair_generic, uniq_josephine, uniq_maurice
Temple:   hellmonk_temple_flake

Skill      XL: |  1  2  3  4  5  6  7  8  9 10 11 |
---------------+----------------------------------+-----
Shields        | 3 4 5 6 7 8 |  8.3
Unarmed Combat | 3 4 5 6 8 9 11 12 | 12.5
Dodging        | 3 4 5 6 7 |  7.5
Fighting       | 3 4 5 6 7 |  7.5

Action                     |  1- 3 |  4- 6 |  7- 9 | 10-12 || total
---------------------------+-------+-------+-------+-------++-------
  Melee: Unarmed           |    99 |   210 |   416 |   318 ||  1043
  Throw: Boomerang         |       |     3 |    41 |    22 ||    66
 Invoke: Serpent's Lash    |       |       |       |     1 ||     1
Ability: Lunge             |       |     1 |    22 |    13 ||    36
         Whirlwind         |       |       |    10 |    10 ||    20
         Wall Jump         |       |       |       |     1 ||     1
  Evoke: Wand              |       |       |     4 |     2 ||     6
    Use: Scroll            |     4 |     3 |     9 |     4 ||    20
         Potion            |       |       |     1 |     2 ||     3
   Stab: Sleeping          |       |       |     1 |       ||     1
 Armour: Robe              |    35 |   126 |    40 |    37 ||   238
         Steam dragon scal |       |       |   128 |   131 ||   259
  Dodge: Dodged            |    26 |    69 |   140 |    60 ||   295
  Block: Kite shield       |    33 |    79 |   183 |   152 ||   447
